 Dungeon Crawl Stone Soup version 0.25-a0-1133-g93ebf739aa (webtiles) character file.

Game seed: 1891471403061243480, levelgen mode: deterministic

457222 Esekla the Gelid (level 24, -7/195 HPs)
             Began as a Barachi Venom Mage on May 20, 2020.
             Was the Champion of Vehumet.
             Killed from afar by an ancient lich (45 damage)
             ... with an iron shot
             ... on level 5 of the Abyss on May 22, 2020.
             The game lasted 18:03:33 (71362 turns).

Esekla the Gelid (Barachi Venom Mage)              Turns: 71362, Time: 18:03:35

Health: -7/195     AC: 25    Str: 18      XL:     24   Next: 41%
Magic:  40/46      EV: 30    Int: 29 (31) God:    Vehumet [******]
Gold:   1325       SH: 11    Dex: 22      Spells: 6/61 levels left

rFire    + + +     SeeInvis .   f - +9 scimitar (flame)
rCold    + . .     Gourm    .   G - +3 buckler {rC+}
rNeg     . . .     Faith    .   Z - +4 troll leather armour
rPois    .         Spirit   .   O - +5 helmet of Purpose {MR+ Slay+2}
rElec    +         Reflect  .   r - +2 cloak
rCorr    .         Harm     .   D - +0 pair of gloves of the Shining Light {rElec Int+5 Dex+6}
MR       ++...                  q - +1 pair of boots "Vaosimola" {rF+++ Str+4 Int+2}
Stlth    ++........             k - amulet of Terra Nullius {RegenMP Str+4}
HPRegen  0.82/turn              M - +4 ring of evasion
MPRegen  0.55/turn              W - +4 ring of evasion

@: singing, can't hop, studying 3 skills, slow
A: +LOS, swims, slimy green scales 1, deterioration 1, slowness 1, wild magic 1,
strong legs 2
}: 2/15 runes: decaying, serpentine
a: Hop, Renounce Religion


You were on level 5 of the Abyss.
You worshipped Vehumet.
Vehumet was exalted by your worship.
You were not hungry.

You visited 9 branches of the dungeon, and saw 42 of its levels.
You visited the Abyss 5 times.
You also visited: Gauntlet, Ice Cave and Volcano.

You collected 7120 gold pieces.
You spent 5795 gold pieces at shops.

Inventory:

Hand Weapons
 b - the +12 Vampire's Tooth {vamp}
   (You took it off a deep elf death mage on level 2 of the Elven Halls)

   It inflicts no extra harm, but heals its wielder when it wounds a living foe.
 f - a +9 scimitar of flaming (weapon)
 h - a +8 falchion of holy wrath
 z - a +9 long sword of freezing
 V - a +3 vampiric trident
Missiles
 y - 33 boomerangs (quivered)
 C - 17 silver javelins
 F - 172 poisoned darts
Armour
 q - the +1 pair of boots "Vaosimola" (worn) {rF+++ Str+4 Int+2}
   (You bought it in a shop on level 2 of the Orcish Mines)

   It affects your strength (+4).
   It affects your intelligence (+2).
   It renders you almost immune to fire.
 r - a +2 cloak (worn)
 u - the +2 robe of Vines {NoPotionHeal Regen+7}
   (You found it on level 2 of the Crypt)

   It increases your rate of regeneration.
 D - the +0 pair of gloves of the Shining Light (worn) {rElec Int+5 Dex+6}
   (You acquired it on level 3 of the Lair of Beasts)

   It affects your intelligence (+5).
   It affects your dexterity (+6).
   It insulates you from electricity.
 G - a +3 buckler of cold resistance (worn)
 O - the +5 helmet of Purpose (worn) {MR+ Slay+2}
   (You found it on level 3 of the Snake Pit)

   It affects your accuracy and damage with ranged weapons and melee attacks
   (+2).
   It affects your resistance to hostile enchantments.
 Z - a +4 troll leather armour (worn)
Jewellery
 d - the amulet "Secemead" {Reflect Str+2 SH+5}
   (You found it on level 3 of the Elven Halls)

   [amulet of reflection]

   It shields you and reflects attacks.
   It affects your strength (+2).
   It affects your SH (+5).
 k - the amulet of Terra Nullius (around neck) {RegenMP Str+4}
   (You bought it in a shop on level 4 of the Snake Pit)

   [amulet of magic regeneration]

   It increases your magic regeneration.
   It affects your strength (+4).
 m - the ring "Kyekuq" {rN+ rCorr Int+3}
   (You found it on level 6 of the Lair of Beasts)

   [ring of resist corrosion]

   It affects your intelligence (+3).
   It protects you from negative energy.
   It provides partial protection from all sources of acid and corrosion.
 t - the ring of Xink {*Slow rPois rC+ rN++ SInv}
   (You found it on level 3 of the Swamp)

   [ring of protection from cold]

   It protects you from cold.
   It protects you from poison.
   It greatly protects you from negative energy.
   It lets you see invisible.
   It may slow you when you take damage.
 M - a +4 ring of evasion (left hand)
 T - an uncursed ring of protection from magic
 W - a +4 ring of evasion (right hand)
Wands
 e - a wand of iceblast (33)
 H - a wand of disintegration (33)
 J - a wand of acid (3)
 L - a wand of clouds (15)
 N - a wand of digging (9)
 X - a wand of flame (42)
Scrolls
 i - 16 scrolls of teleportation
 j - 3 scrolls of blinking
 l - 2 scrolls of silence
 p - 4 scrolls of fear
 A - 17 scrolls of remove curse
 E - 6 scrolls of magic mapping
 I - 2 scrolls of holy word
 P - 2 scrolls of fog
 Y - 17 scrolls of identify
Potions
 g - 2 potions of invisibility
 n - 5 potions of haste
 o - 8 potions of flight
 s - 3 potions of curing
 v - 3 potions of cancellation
 x - a potion of resistance
 B - 7 potions of lignification
 K - 4 potions of magic
 U - 7 potions of might
Books
 a - a manual of Necromancy
 w - a manual of Ice Magic
 Q - a manual of Stealth
Miscellaneous
 R - a tin of tremorstones (3/3)
 S - a lightning rod (4/4)
Comestibles
 c - 50 rations


   Skills:
 + Level 17.2 Fighting
 + Level 4.8(10.9) Short Blades
 + Level 15.9(16.1) Long Blades
   Level 2.8(3.4) Axes
 + Level 2.3(3.0) Polearms
 + Level 5.9 Throwing
 + Level 8.7 Armour
 + Level 11.4 Dodging
 + Level 2.5 Stealth
 + Level 12.6 Shields
 * Level 19.4 Spellcasting
 * Level 12.4 Conjurations
   Level 4.3 Hexes
 + Level 11.1 Charms
 + Level 6.4 Summonings
 * Level 10.2 Necromancy
 + Level 3.6 Translocations
 + Level 4.8 Transmutations
 * Level 12.7 Fire Magic
 * Level 20.4 Ice Magic
 + Level 8.7 Air Magic
 + Level 5.3 Earth Magic
 + Level 7.9 Poison Magic
 + Level 2.8 Evocations


You had 6 spell levels left.
You knew the following spells:

 Your Spells              Type           Power        Failure   Level  Hunger
a - Apportation           Tloc           ######       1%          1    None
b - Lightning Bolt        Conj/Air       #######...   1%          5    None
c - Mephitic Cloud        Conj/Pois/Air  #######.     1%          3    None
d - Vampiric Draining     Necr           #######...   1%          3    None
e - Summon Lightning Spi  Summ/Air       #######.     1%          4    None
f - Ozocubu's Refrigerat  Ice            ########..   1%          6    None
g - Irradiate             Conj/Tmut      #######...   1%          5    None
h - Swiftness             Chrm/Air       #######.     1%          2    None
i - Ring of Flames        Chrm/Fire      #######...   16%         7    ####...
m - Bolt of Magma         Conj/Fire/Erth #######...   1%          5    None
r - Frozen Ramparts       Ice            ######       1%          3    None
s - Song of Slaying       Chrm           #######.     1%          2    None
v - Poisonous Vapours     Pois/Air       ######       1%          2    None
y - Sticky Flame          Conj/Fire      #######.     1%          4    None
z - Ozocubu's Armour      Chrm/Ice       ########     1%          3    None

Your spell library contained the following spells:

 Spells                   Type           Power        Failure   Level  Hunger
 Ignition                 Fire           #######...   19%         8    #####..
 Fire Storm               Conj/Fire      #######...   92%         9    #######
 Shatter                  Erth           ######....   100%        9    #######
 Animate Skeleton         Necr           N/A          1%          1    None
 Corona                   Hex            ######.      1%          1    None
 Foxfire                  Conj/Fire      ####         1%          1    None
 Freeze                   Ice            ####         1%          1    None
 Infusion                 Chrm           ####         1%          1    None
 Magic Dart               Conj           ####         1%          1    None
 Pain                     Necr           ####         1%          1    None
 Sandblast                Erth           ######       1%          1    None
 Shock                    Conj/Air       ####         1%          1    None
 Sting                    Tmut/Pois      ####         1%          1    None
 Summon Butterflies       Summ           ######..     1%          1    None
 Summon Small Mammal      Summ           ####         1%          1    None
 Blink                    Tloc           N/A          1%          2    None
 Call Imp                 Summ           ######..     1%          2    None
 Corpse Rot               Necr/Air       N/A          1%          2    None
 Ensorcelled Hibernation  Hex/Ice        ######       1%          2    None
 Passwall                 Tmut/Erth      ######..     1%          2    None
 Searing Ray              Conj           ######       1%          2    None
 Shroud of Golubria       Chrm/Tloc      ######       1%          2    None
 Slow                     Hex            ######..     1%          2    None
 Call Canine Familiar     Summ           ######..     1%          3    None
 Confusing Touch          Hex            ######..     1%          3    None
 Conjure Flame            Conj/Fire      #######.     1%          3    None
 Dazzling Flash           Conj/Hex       ######       1%          3    None
 Ignite Poison            Fire/Tmut/Pois #######.     1%          3    None
 Inner Flame              Hex/Fire       #######.     1%          3    None
 Portal Projectile        Hex/Tloc       ######       1%          3    None
 Spectral Weapon          Hex/Chrm       #######.     1%          3    None
 Stone Arrow              Conj/Erth      ######       1%          3    None
 Summon Guardian Golem    Hex/Summ       ######..     1%          3    None
 Tukima's Dance           Hex            ######..     1%          3    None
 Animate Dead             Necr           N/A          1%          4    None
 Fulminant Prism          Conj/Hex       #######...   1%          4    None
 Hailstorm                Conj/Ice       ########     1%          4    None
 Iskenderun's Mystic Bla  Conj/Tloc      #######.     1%          4    None
 Olgreb's Toxic Radiance  Pois           #######.     1%          4    None
 Summon Ice Beast         Ice/Summ       #######.     1%          4    None
 Agony                    Necr           #######.     1%          5    None
 Fireball                 Conj/Fire      #######...   1%          5    None
 Conjure Ball Lightning   Conj/Air       #######...   1%          6    None
 Freezing Cloud           Conj/Ice/Air   #######...   1%          6    None
 Simulacrum               Ice/Necr       ########..   1%          6    None
 Lee's Rapid Deconstruct  Erth           ######....   2%          5    None
 Iron Shot                Conj/Erth      #######...   2%          6    None
 Petrify                  Tmut/Erth      ######..     3%          4    None
 Yara's Violent Unravell  Hex/Tmut       ######....   3%          5    None
 Cause Fear               Hex            ######....   4%          4    None
 Leda's Liquefaction      Hex/Erth       ######....   4%          4    None
 Silence                  Hex/Air        ######....   5%          5    None
 Passage of Golubria      Tloc           N/A          6%          4    None
 Summon Mana Viper        Hex/Summ       ######..     8%          5    None
 Summon Forest            Summ/Tloc      ######....   9%          5    None
 Eringya's Noxious Bog    Tmut/Pois      ######....   26%         6    None
 Statue Form              Tmut/Erth      ######...    38%         6    None
 Hydra Form               Tmut           ######....   43%         6    None
 Darkness                 Hex            ######....   47%         6    None
 Invisibility             Hex            ######..     47%         6    None
 Dispersal                Tloc           ######....   58%         6    None
 Orb of Destruction       Conj           #######...   3%          7    ####...
 Haunt                    Necr/Summ      #######...   50%         7    ####...
 Monstrous Menagerie      Summ           ######....   75%         7    ####...
 Summon Greater Demon     Summ           ######....   75%         7    ####...
 Summon Hydra             Summ           ######....   75%         7    ####...
 Death's Door             Chrm/Necr      #######...   86%         8    #####..
 Borgnjor's Revivificati  Necr           #######...   89%         8    #####..
 Infestation              Necr           #######...   89%         8    #####..
 Malign Gateway           Summ/Tloc      ######....   90%         7    ####...
 Dragon Form              Tmut           ######....   92%         7    ####...
 Necromutation            Tmut/Necr      #######...   99%         8    #####..
 Discord                  Hex            ######....   100%        8    #####..
 Summon Horrible Things   Summ           ######....   100%        8    #####..
 Tornado                  Air            #######...   100%        9    #######


Dungeon Overview and Level Annotations

Branches:
Dungeon (15/15)            Temple (1/1) D:7            Lair (6/6) D:9
  Swamp (4/4) Lair:3        Snake (4/4) Lair:3        Slime (0/5) Lair:5
    Orc (2/2) D:10            Elf (3/3) Orc:2        Vaults (4/5) D:13
  Crypt (3/3) Vaults:2       Tomb (0/3) Crypt:3      Depths (0/5) D:15
  IceCv (visited)         Volcano (visited)         Gauntlet (visited)

Altars:
Ashenzari
Cheibriados
Dithmenos
Elyvilon
Fedhas
Gozag
Hepliaklqana
Kikubaaqudgha
Makhleb
Nemelex Xobeh
Okawaru
Qazlal
Ru
Sif Muna
Trog
Uskayaw
Vehumet
Wu Jian
Xom
Yredelemnul
Zin
The Shining One
Beogh

Shops:
D:5 :   D:10 :   Orc:1 **((}   Orc:2 ([=*   Elf:3 (   Snake:4 (=[   Vaults:1 (

Annotations:
Elf:1 3 runed translucent doors, Heguxy's ghost, journeyman FoEE


Innate Abilities, Weirdness & Mutations

You can be seen from farther away. (+LOS)
You can swim through water.
You cover ground slowly.
You can hop long distances.
You are partially covered in slimy green scales. (AC +2)
Your body sometimes deteriorates upon taking damage.
Your spells are a little harder to cast, but a little more powerful.


Message History

The ice dragon burns!
You block the ice dragon's attack. The ice dragon misses you.
The ice dragon completely misses you.
A starcursed mass splits.
Something touches you but does no damage.
You block the raiju's attack.
A starcursed mass splits.
A chorus of shrieks assaults your mind.
* * * LOW HITPOINT WARNING * * *
Your icy armour cracks and falls away as you move.
You feel sick.
You are no longer poisoned.
The ice dragon burns!
The ice dragon breathes frost at you. The blast of cold misses you.
The blast of cold hits the starcursed mass!!
The starcursed mass shudders and is absorbed by its neighbour.
A starcursed mass splits.
You hear some strange, mumbled words.
An iron shot appears from out of thin air!
The iron shot hits you!!!
You die...

##..# ##. %... ..
#### .... ... ..
#.##.... #..# ..
..# .. . .
....##..##..##..
# .# ...XX...
.... #... . #
.XX... ... . . ..
# #..# ..# # '. .
####.@##$.##..#
..
####..Dh{........
## .
#...†h[....... .
...
..###.[##..##..#
.. ..# #†)# ..# #
......
........... . .
#...L.. .... ## .
###..#.. ##..# .#
####L. .# ...


You could see 4 starcursed masses, an ice dragon (fast, burning, catching
breath), 2 liches and 2 raiju.

Vanquished Creatures
  An ancient lich (Crypt:3)
  A greater mummy (Crypt:2)
  Saint Roka (Orc:2)
  Vashnia (Snake:4)
  A golden dragon (Vaults:3)
  A bone dragon (Abyss:2)
  Jorgrun (D:13)
  A hellephant (Abyss:2)
  Rupert (D:15)
  2 tentacled monstrosities
  2 deep elf blademasters
  3 deep elf master archers
  4 liches
  An Executioner (Abyss:4)
  Donald (Vaults:1)
  A thorn hunter (Swamp:3)
  4 sphinxes
  4 tentacled starspawn
  2 shadow dragons
  Kirke (D:13)
  Roxanne (Elf:1)
  A revenant (Crypt:3)
  2 tengu reavers (Vaults:3)
  The ghost of Takly the Severer, a journeyman MiBe of Trog (Orc:1)
  The ghost of PIKKUHERKKO the Severer, a journeyman HOMo of the Shining One (Snake:1)
  A frost giant (Vaults:4)
  4 fire giants (Vaults:3)
  8 nagarajas (Snake:4)
  14 vault wardens
  3 deep elf elementalists (Elf:3)
  Aizul (Snake:4)
  10 deep elf sorcerers
  4 ghouls (Crypt:1)
  A caustic shrike zombie (Crypt:2)
  A cacodemon (Abyss:2)
  A curse skull (Crypt:3)
  13 ironheart preservers
  3 war gargoyles (Crypt:3)
  A very ugly thing (Swamp:4)
  5 stone giants
  6 deep elf demonologists
  3 vampire knights (Crypt:2)
  9 deep elf annihilators
  2 entropy weavers
  A minotaur (Gauntlet)
  A red draconian (Volcano)
  A green death (Swamp:4)
  2 fire dragons
  2 eidola
  13 yaktaur captains
  A quicksilver dragon zombie (Crypt:2)
  4 ettins
  9 deep elf death magi
  4 jiangshi (Crypt:1)
  Josephine (D:11)
  20 hydras
  A great orb of eyes (Vaults:1)
  6 ice dragons
  15 vault guards
  7 deep elf high priests
  21 naga warriors
  A rakshasa (Vaults:3)
  3 death knights
  A shambling mangrove (Swamp:1)
  3 centaur warriors
  4 ghost crabs (Swamp:3)
  7 anacondas
  20 dancing weapons
  9 two-headed ogres
  2 vampire magi (Crypt:1)
  A hell hog (Abyss:2)
  13 alligators
  17 thrashing horrors
  12 shock serpents
  A shock serpent (shapeshifter) (Vaults:1)
  A tengu warrior (D:14)
  2 orc high priests
  6 ogre magi
  5 spriggans
  18 naga sharpshooters
  2 sun demons (Abyss:3)
  23 deep elf knights
  A storm dragon zombie (Crypt:2)
  A soul eater (Crypt:1)
  3 wretched stars
  A salamander mystic (Volcano)
  9 skeletal warriors
  An anaconda zombie (Crypt:1)
  A shadow wraith (Vaults:1)
  4 sixfirhies
  A golden dragon zombie (Crypt:2)
  An unseen horror (shapeshifter) (Vaults:3)
  A shadow dragon zombie (Crypt:2)
  2 wizards
  5 spriggan druids
  7 swamp dragons
  2 deep trolls
  6 naga ritualists
  5 necromancers
  14 flayed ghosts
  18 orc knights
  17 deep elf archers
  A golden dragon skeleton (Crypt:3)
  16 ironbrand convokers
  Pikel (D:6)
  3 mana vipers
  3 harpies (Vaults:4)
  9 phantasmal warriors
  2 wolf spider zombies (D:15)
  2 fire giant zombies
  4 wolf spiders
  10 orc sorcerers
  2 stone giant zombies (Crypt:2)
  12 ugly things
  A shining eye (shapeshifter) (Vaults:3)
  A manticore (D:13)
  69 deep elf magi
  3 cyclopes
  11 salamanders
  10 starcursed masses
  5 elephants (Lair:4)
  2 moths of wrath (Snake:1)
  17 vault sentinels
  10 fire giant skeletons (Crypt:3)
  A worldbinder (Abyss:2)
  3 frost giant zombies
  An ice statue (IceCv)
  2 iron dragon skeletons (Crypt:1)
  A molten gargoyle (Volcano)
  37 black mambas
  7 apocalypse crabs
  4 guardian serpents
  3 smoke demons
  29 naga magi
  2 rust devils
  A shock serpent skeleton (Crypt:2)
  2 torpor snails (Lair:2)
  Psyche (D:11)
  6 orange demons
  7 gargoyles
  20 spiny frogs
  A minotaur zombie (Crypt:1)
  A dire elephant skeleton (Crypt:3)
  2 hellions
  2 yaktaur zombies
  3 rime drakes
  2 centaur skeletons
  25 yaktaurs
  17 freezing wraiths
  7 komodo dragons
  An efreet (Abyss:2)
  4 guardian mummies
  2 hellwings (Abyss:2)
  7 ancient zymes
  A human skeleton (Vaults:3)
  A hydra zombie (Crypt:2)
  A jumping spider (Vaults:3)
  8 trolls
  A hydra skeleton (Crypt:3)
  4 polar bears (Lair:1)
  2 spectral guardian serpents (Crypt:2)
  Prince Ribbit (D:8)
  17 tyrant leeches
  12 hornets
  29 slime creatures
  5 blink frogs (Lair:4)
  6 bog bodies
  8 hippogriffs
  13 small abominations
  2 fire dragon zombies (Crypt:2)
  A stone giant simulacrum (Vaults:3)
  20 raiju
  An ice dragon skeleton (Crypt:3)
  An ice dragon zombie (Crypt:2)
  A black mamba zombie (Crypt:2)
  An ettin zombie (Crypt:2)
  2 air elementals
  A satyr skeleton (Crypt:1)
  4 water elementals
  5 redbacks
  3 ynoxinuls
  11 shadows
  7 fire dragon skeletons (Crypt:3)
  2 fire bats (Volcano)
  11 wyverns
  2 ushabtiu (Crypt:3)
  A fire elemental (Elf:3)
  11 humans (D:13)
  4 basilisks
  A yak (shapeshifter) (Vaults:4)
  A vampire (D:15)
  16 wraiths
  A golden eye (Abyss:4)
  A black mamba skeleton (Crypt:2)
  2 hogs (D:13)
  2 golden eyes (shapeshifter)
  A basilisk (shapeshifter) (Vaults:1)
  3 chaos spawn (Abyss:2)
  24 yaks
  2 steam dragons (Lair:6)
  21 vampire mosquitoes
  2 neqoxecs
  7 hungry ghosts
  5 wargs
  16 insubstantial wisps
  A deep troll zombie (Crypt:1)
  10 swamp worms
  16 large abominations
  55 nagas
  2 two-headed ogre zombies (D:10)
  A harpy simulacrum (D:12)
  2 floating eyes (shapeshifter)
  4 acid dragons
  20 water moccasins
  A hell hound (Abyss:4)
  A torturous demonspawn skeleton (Crypt:3)
  8 porcupines
  8 swamp drakes
  An alligator simulacrum (IceCv)
  4 phantoms
  9 black bears
  5 sky beasts
  A blink frog zombie (Crypt:2)
  2 necrophages
  48 orc warriors
  2 eyes of draining
  2 slaves (D:6)
  10 ice beasts
  21 ogres
  An eye of draining (shapeshifter) (Abyss:2)
  9 centaurs
  5 boggarts (Vaults:3)
  An elf skeleton (Vaults:3)
  A manticore skeleton (Crypt:3)
  7 crocodiles
  18 wolves
  A salamander zombie (Crypt:1)
  11 bullfrogs
  3 earth elementals
  A gnoll sergeant (D:9)
  5 scorpions
  A water moccasin skeleton (D:9)
  A human simulacrum (Vaults:1)
  2 troll zombies (D:10)
  6 killer bees (D:9)
  An elephant simulacrum (IceCv)
  19 wights
  2 vampire bats (D:2)
  3 howler monkeys
  7 crimson imps
  5 lava snakes (Volcano)
  A wolf zombie (Crypt:2)
  2 centaur zombies
  A bullfrog zombie (D:10)
  6 draconian simulacra (IceCv)
  A quasit (D:13)
  A human zombie (Abyss:3)
  10 jellies
  7 hounds
  17 orc priests
  7 bullfrog skeletons
  28 orc wizards
  9 iron imps
  Jessica (D:2)
  5 iguanas
  2 polar bear simulacra (IceCv)
  11 worker ants
  8 troll simulacra (IceCv)
  4 ogre zombies (D:10)
  5 centaur simulacra
  A deep dwarf skeleton (Crypt:1)
  A hound zombie (D:5)
  A hound skeleton (D:4)
  15 mummies
  2 worker ant zombies
  15 adders
  7 gnolls
  3 ogre simulacra (IceCv)
  4 shadow imps
  26 white imps
  3 ufetubi (Abyss:2)
  An ooze (D:4)
  3 adder zombies
  2 adder skeletons
  2 dart slugs
  2 leopard geckos
  126 orcs
  3 ball pythons
  6 bat zombies (D:2)
  4 giant cockroaches (D:2)
  2 gnoll zombies (D:6)
  3 hobgoblins
  17 jackals
  5 kobolds
  5 quokkas
  A ball python skeleton (Crypt:1)
  5 bats
  2 frilled lizards
  5 goblins
  3 goblin skeletons (D:10)
  3 hobgoblin skeletons (D:10)
  2 hobgoblin zombies (D:10)
  2 leopard gecko zombies
  4 orc skeletons (D:10)
  13 orc zombies (D:10)
  A quokka skeleton (D:4)
  6 rats
  2 briar patches (Swamp:3)
  2 crawling corpses (Vaults:3)
  2 fungi
  A plant (Lair:6)
1973 creatures vanquished.

Vanquished Creatures (collateral kills)
  An ancient champion (Crypt:1)
  An orc warlord (Orc:1)
  A deep elf sorcerer (Elf:3)
  A war gargoyle (Vaults:3)
  A vampire knight (Crypt:1)
  A deep elf annihilator (Elf:1)
  A deep elf death mage (Elf:3)
  A green death (Swamp:4)
  An eidolon (Crypt:3)
  A deep elf high priest (Elf:3)
  A naga warrior (Snake:1)
  A ghost crab (Swamp:3)
  2 naga sharpshooters
  A large abomination (Swamp:4)
  2 swamp dragons
  A flayed ghost (Crypt:3)
  2 deep elf archers
  4 phantasmal warriors
  3 deep elf magi
  A salamander (Snake:1)
  2 ugly things (Swamp:4)
  A black mamba (Snake:2)
  A vault sentinel (Vaults:3)
  3 freezing wraiths
  An efreet (D:14)
  A troll (D:15)
  2 fire bats (Abyss:5)
  A basilisk (Lair:6)
  2 swamp worms (Swamp:1)
  A warg (Orc:1)
  An orc warrior (Orc:2)
  2 ogres (Orc:2)
  A swamp drake (Lair:6)
  A wight (D:15)
  A crimson imp (D:14)
  2 starcursed masses (Abyss:2)
  2 orc priests (Orc:2)
  3 orc wizards (Orc:2)
  A briar patch (Swamp:3)
57 creatures vanquished.

Vanquished Creatures (others)
  An ogre mage (Vaults:1)
  A deep elf knight (Elf:2)
  A thrashing horror (Abyss:2)
  A spriggan (Swamp:4)
  A deep elf mage (Elf:3)
  A naga mage (Snake:4)
  A tyrant leech (Swamp:1)
  A hornet (Swamp:4)
  A fire bat (Abyss:5)
  An orc warrior (Orc:2)
  A big kobold (Abyss:5)
  3 briar patches (Swamp:3)
  9 demonic plants (Gauntlet)
  6 fungi (Lair:6)
  A lurking horror (Abyss:4)
  9 plants
  16 starspawn tentacles
  3 withered plants (Crypt:3)
58 creatures vanquished.

Grand Total: 2088 creatures vanquished

Notes
Turn   | Place    | Note
-------+----------+-------------------------------------------
     0 | D:1      | Esekla the Barachi Venom Mage began the quest for the Orb.
     0 | D:1      | Reached XP level 1. HP: 13/13 MP: 3/3
   231 | D:2      | Reached XP level 2. HP: 3/20 MP: 0/5
   235 | D:2      | Learned a level 2 spell: Poisonous Vapours
   821 | D:3      | Reached XP level 3. HP: 25/25 MP: 1/7
  1118 | D:2      | Reached skill level 1 in Fighting
  1150 | D:2      | Noticed Jessica
  1153 | D:2      | Killed Jessica
  1153 | D:2      | Reached XP level 4. HP: 32/32 MP: 3/8
  1244 | D:2      | Learned a level 3 spell: Mephitic Cloud
  1415 | D:2      | Reached skill level 1 in Air Magic
  1533 | D:4      | Reached XP level 5. HP: 24/38 MP: 2/10
  1793 | D:3      | Learned a level 3 spell: Ignite Poison
  2024 | D:4      | Noticed an ogre
  2314 | D:4      | Reached skill level 1 in Armour
  2383 | D:5      | Entered Level 5 of the Dungeon
  2463 | D:6      | Found a bloodstained altar of Trog.
  2474 | D:6      | Noticed an ogre
  2522 | D:5      | Reached skill level 1 in Conjurations
  2522 | D:5      | Reached XP level 6. HP: 44/44 MP: 4/11
  2544 | D:5      | Learned a level 3 spell: Frozen Ramparts
  2659 | D:5      | Found Yxef's Book Boutique.
  2695 | D:5      | Reached skill level 1 in Fire Magic
  3157 | D:4      | Found a snail-covered altar of Cheibriados.
  3208 | D:5      | Noticed an ice beast
  3250 | D:4      | Got a scorched hand axe
  3251 | D:4      | Identified the +7 hand axe "Fiep Ote" {pain, rF+ rN+ Str+2
                  | Dex-5} (You found it on level 4 of the Dungeon)
  3611 | D:4      | Reached skill level 1 in Long Blades
  3611 | D:4      | Reached XP level 7. HP: 50/50 MP: 7/13
  3681 | D:4      | Reached skill level 1 in Ice Magic
  3733 | D:4      | Found a stormy altar of Qazlal.
  4086 | D:5      | Reached skill level 1 in Axes
  4667 | D:5      | Reached XP level 8. HP: 57/57 MP: 10/14
  4746 | D:6      | Found a snail-covered altar of Cheibriados.
  4746 | D:6      | Found a white marble altar of Elyvilon.
  4845 | D:6      | Reached skill level 1 in Polearms
  4871 | D:6      | Reached skill level 2 in Ice Magic
  5039 | D:5      | Learned a level 3 spell: Ozocubu's Armour
  5241 | D:6      | Found a shimmering altar of Xom.
  5242 | D:6      | Found a blossoming altar of Fedhas.
  5476 | D:6      | Reached skill level 1 in Charms
  5493 | D:6      | Noticed Pikel
  5525 | D:6      | Reached XP level 9. HP: 45/62 MP: 16/16
  5916 | D:6      | Killed Pikel
  5916 | D:6      | Reached skill level 3 in Ice Magic
  5995 | D:6      | Reached skill level 5 in Spellcasting
  6214 | D:7      | Got an ancient short sword
  6219 | D:7      | Identified the +8 short sword of the Dragonfly {flame, rF+
                  | Str+5 Int-3} (You found it on level 7 of the Dungeon)
  6271 | D:6      | Found a basalt altar of Yredelemnul.
  6432 | D:6      | Found a sparkling altar of Nemelex Xobeh.
  6495 | D:6      | Reached skill level 5 in Poison Magic
  6818 | D:7      | Found a staircase to the Ecumenical Temple.
  6831 | Temple   | Entered the Ecumenical Temple
  6952 | D:6      | Reached skill level 1 in Short Blades
  7179 | D:7      | Reached skill level 5 in Conjurations
  7480 | D:7      | Found a glowing golden altar of the Shining One.
  8149 | D:3      | Reached XP level 10. HP: 70/70 MP: 5/17
  8497 | D:2      | Found an ancient bone altar of Kikubaaqudgha.
  9242 | D:1      | Found a shimmering altar of Xom.
  9403 | D:8      | Reached skill level 5 in Armour
  9814 | D:8      | Noticed Prince Ribbit
  9929 | D:8      | Noticed a two-headed ogre
  9940 | D:8      | Killed a two-headed ogre
  9940 | D:8      | Reached skill level 5 in Air Magic
 10149 | D:8      | Killed Prince Ribbit
 10203 | D:8      | Reached skill level 5 in Long Blades
 10275 | D:8      | Reached skill level 4 in Ice Magic
 10570 | D:8      | Reached skill level 1 in Throwing
 10656 | D:8      | Found a shadowy altar of Dithmenos.
 11117 | D:9      | Found a roughly hewn altar of Beogh.
 11242 | D:9      | Found an opulent altar of Gozag.
 11448 | D:10     | Entered Level 10 of the Dungeon
 11450 | D:10     | Found Gotaamerph's Book Emporium.
 11466 | D:10     | Reached skill level 5 in Fire Magic
 11466 | D:10     | Reached XP level 11. HP: 74/76 MP: 12/20
 11675 | D:10     | Noticed a two-headed ogre
 12265 | D:9      | Found a staircase to the Lair.
 12828 | D:9      | Found a radiant altar of Vehumet.
 13171 | D:10     | Reached skill level 5 in Ice Magic
 13432 | D:10     | Killed a two-headed ogre
 13766 | D:10     | Found a staircase to the Orcish Mines.
 13872 | D:9      | Became a worshipper of Vehumet
 14245 | D:11     | Noticed Psyche
 14249 | D:11     | Reached skill level 5 in Charms
 14255 | D:11     | Killed Psyche
 14255 | D:11     | Noticed Josephine
 14270 | D:11     | Killed Josephine
 14270 | D:11     | Reached XP level 12. HP: 37/83 MP: 1/22
 14550 | D:11     | Reached * piety under Vehumet
 14550 | D:11     | Offered knowledge of Foxfire by Vehumet.
 14552 | D:11     | Reached skill level 6 in Ice Magic
 14955 | D:10     | Bought a book of Battle for 440 gold pieces
 14958 | D:10     | Learned a level 2 spell: Song of Slaying
 15212 | D:12     | Learned a level 4 spell: Sticky Flame
 15444 | D:12     | Learned a level 1 spell: Corona
 15517 | D:12     | Found a roughly hewn altar of Beogh.
 15542 | D:12     | Reached skill level 1 in Hexes
 15569 | D:12     | Offered knowledge of Magic Dart by Vehumet.
 15573 | D:12     | Learned a level 1 spell: Magic Dart
 15575 | D:12     | Reached ** piety under Vehumet
 16208 | D:13     | Noticed a vault guard
 16211 | D:13     | Noticed a vault guard
 16221 | D:13     | Killed a vault guard
 16221 | D:13     | Reached skill level 5 in Fighting
 16226 | D:13     | Offered knowledge of Searing Ray by Vehumet.
 16234 | D:13     | Killed a vault guard
 16323 | D:13     | Reached *** piety under Vehumet
 16340 | D:13     | Found a frozen archway.
 16368 | IceCv    | Entered an ice cave
 16424 | IceCv    | Offered knowledge of Dazzling Flash by Vehumet.
 16444 | IceCv    | Reached skill level 5 in Dodging
 16724 | IceCv    | Gained mutation: You can hop long distances. [Barachi
                  | growth]
 16724 | IceCv    | Reached XP level 13. HP: 36/90 MP: 1/25
 16890 | IceCv    | Found an ancient bone altar of Kikubaaqudgha.
 16894 | IceCv    | Reached **** piety under Vehumet
 16920 | IceCv    | Offered knowledge of Yara's Violent Unravelling by Vehumet.
 17314 | IceCv    | Reached ***** piety under Vehumet
 17376 | IceCv    | Got a shimmering amber ring
 17421 | IceCv    | Identified the ring "Tacudghado" {Ice Int+3} (You found it
                  | in an ice cave)
 17609 | D:13     | Reached skill level 7 in Ice Magic
 17867 | D:13     | Offered knowledge of Iron Shot by Vehumet.
 18059 | D:13     | Noticed Jorgrun
 18078 | D:13     | Killed Jorgrun
 18078 | D:13     | Reached skill level 1 in Shields
 18334 | D:13     | Noticed Kirke
 18350 | D:13     | Noticed a sphinx
 18354 | D:13     | Killed Kirke
 18562 | D:13     | Reached skill level 8 in Ice Magic
 18652 | D:13     | Found a gate to the Vaults.
 18910 | D:5      | Bought a book of Cantrips for 280 gold pieces
 18912 | D:5      | Learned a level 1 spell: Apportation
 19012 | Lair:1   | Entered Level 1 of the Lair of Beasts
 20141 | Lair:2   | Reached skill level 1 in Translocations
 20623 | Lair:2   | Found a snail-covered altar of Cheibriados.
 20786 | Lair:3   | Reached skill level 9 in Ice Magic
 20845 | Lair:3   | Found a staircase to the Snake Pit.
 21204 | Lair:3   | Reached XP level 14. HP: 98/98 MP: 17/27
 21301 | Lair:3   | Identified a scroll of acquirement
 21314 | Lair:3   | Got the +0 pair of gloves of the Shining Light {rElec Int+5
                  | Dex+6}
 21515 | Lair:3   | Found a staircase to the Swamp.
 21831 | Lair:4   | You fall into a shaft and drop 2 floors!
 21831 | Lair:6   | Entered Level 6 of the Lair of Beasts
 21876 | Lair:6   | Found a gate leading to a gauntlet.
 21878 | Lair:6   | Got an ancient long sword
 21887 | Lair:6   | Identified the +5 long sword "Demonbane" {vorpal, Str+5}
                  | (You found it on level 6 of the Lair of Beasts)
 21896 | Gauntlet | Entered a Gauntlet
 21896 | Gauntlet | Found a transporter.
 21896 | Gauntlet | Found a transporter.
 21902 | Gauntlet | Found a transporter.
 21902 | Gauntlet | Found a transporter.
 21903 | Gauntlet | Found a transporter.
 21903 | Gauntlet | Found a transporter.
 21904 | Gauntlet | Found a large runed translucent door.
 21904 | Gauntlet | Found a large runed translucent door.
 21931 | Gauntlet | Found a large runed translucent door.
 21931 | Gauntlet | Found a large runed translucent door.
 21932 | Gauntlet | Found a large runed translucent door.
 21932 | Gauntlet | Found a large runed translucent door.
 21932 | Gauntlet | Found a runed translucent door.
 21932 | Gauntlet | Found a runed translucent door.
 21933 | Gauntlet | Found a large runed translucent door.
 21933 | Gauntlet | Found a large runed translucent door.
 21934 | Gauntlet | Found a large runed translucent door.
 21934 | Gauntlet | Found a large runed translucent door.
 21935 | Gauntlet | Found a large runed translucent door.
 21935 | Gauntlet | Found a large runed translucent door.
 21936 | Gauntlet | Found a runed translucent gate.
 21936 | Gauntlet | Found a runed translucent gate.
 21936 | Gauntlet | Found a runed translucent gate.
 21938 | Gauntlet | Found a transporter.
 21944 | Gauntlet | Found a transporter.
 21950 | Gauntlet | Found a large runed translucent door.
 21950 | Gauntlet | Found a large runed translucent door.
 21951 | Gauntlet | Found a large runed translucent door.
 21951 | Gauntlet | Found a large runed translucent door.
 22031 | Gauntlet | Found a transporter.
 22032 | Gauntlet | Found a transporter.
 22046 | Gauntlet | Found a transporter.
 22067 | Gauntlet | Found a transporter.
 22546 | Gauntlet | Reached skill level 10 in Long Blades
 22569 | Gauntlet | Got a faintly glowing steel ring
 22570 | Gauntlet | Identified the ring of Uhyocwygh {Str+3 Dex+6} (You found
                  | it in a Gauntlet)
 22636 | Gauntlet | Reached skill level 1 in Evocations
 22763 | Lair:6   | Reached skill level 10 in Spellcasting
 23117 | Lair:5   | Found a staircase to the Slime Pits.
 23604 | Lair:4   | Learned a level 4 spell: Summon Lightning Spire
 23627 | Lair:4   | Reached skill level 10 in Ice Magic
 24993 | Lair:4   | Offered knowledge of Lightning Bolt by Vehumet.
 25007 | Lair:4   | Learned a level 5 spell: Lightning Bolt
 25496 | Lair:6   | Identified the +7 battleaxe "Gos Alay" {flame, rF+ Str+2}
                  | (You found it on level 6 of the Lair of Beasts)
 25513 | Lair:6   | Reached skill level 1 in Summonings
 25835 | Lair:6   | Reached skill level 5 in Shields
 26072 | Lair:6   | Identified the ring "Kyekuq" {rN+ rCorr Int+3} (You found
                  | it on level 6 of the Lair of Beasts)
 26374 | Lair:6   | Reached XP level 15. HP: 96/105 MP: 26/29
 28137 | D:14     | Reached ****** piety under Vehumet
 28687 | D:14     | Got Vuyfie's Collected Works on Black Secrets and Feathers
 28979 | D:15     | Entered Level 15 of the Dungeon
 29131 | D:15     | Noticed Rupert
 29154 | D:15     | Offered knowledge of Bolt of Magma by Vehumet.
 29161 | D:15     | Learned a level 5 spell: Bolt of Magma
 29297 | D:15     | Reached skill level 11 in Ice Magic
 29555 | D:15     | Found a staircase to the Depths.
 30057 | Orc:1    | Entered Level 1 of the Orcish Mines
 30057 | Orc:1    | Found Cuis Qykk's Assorted Antiques.
 30155 | Orc:1    | Bought a scroll labeled UTIKKI KIRIGITZ for 31 gold pieces
 30192 | Orc:1    | Found Xasy's Weapon Shop.
 30206 | Orc:1    | Found Acki's Weapon Shop.
 30352 | Orc:1    | Noticed an orc warlord
 30411 | Orc:1    | Killed an orc warlord
 30665 | Orc:1    | Found a runed translucent door.
 30668 | Orc:1    | Noticed Takly's ghost (journeyman MiBe)
 30669 | Orc:1    | Found Coonyig's Gadget Shoppe.
 30720 | Orc:2    | Entered Level 2 of the Orcish Mines
 30736 | Orc:2    | Noticed Saint Roka
 30757 | Orc:2    | Found a staircase to the Elven Halls.
 30839 | Orc:2    | Reached skill level 5 in Summonings
 30843 | Orc:2    | Offered knowledge of Spellforged Servitor by Vehumet.
 30917 | Orc:2    | Found a dark tunnel.
 30926 | Volcano  | Entered a volcano
 31492 | Volcano  | Found a burning altar of Makhleb.
 31907 | Orc:2    | Found a roughly hewn altar of Beogh.
 32135 | Orc:1    | Found Pilogo's General Store.
 32227 | Orc:1    | Bought a +2 pair of boots for 231 gold pieces
 32295 | Orc:2    | Found a roughly hewn altar of Beogh.
 32319 | Orc:2    | Killed Saint Roka
 32326 | Orc:2    | Found Cenuv's Antique Weapon Boutique.
 32328 | Orc:2    | Found Sulis's Antique Armour Boutique.
 32329 | Orc:2    | Found Ocsewkit's General Store.
 32342 | Orc:2    | Found Toaq's Jewellery Boutique.
 32425 | Orc:2    | Bought the +1 pair of boots "Vaosimola" {rF+++ Str+4 Int+2}
                  | for 961 gold pieces
 32811 | Orc:2    | Bought a scroll of enchant weapon for 112 gold pieces
 33322 | Orc:1    | Killed Takly's ghost
 33643 | D:15     | Killed Rupert
 33643 | D:15     | Reached XP level 16. HP: 113/113 MP: 10/32
 34080 | Snake:1  | Entered Level 1 of the Snake Pit
 34424 | Orc:1    | Bought a scroll of identify for 28 gold pieces
 35294 | Snake:1  | Found a transporter.
 35297 | Snake:1  | Found a transporter.
 35299 | Snake:1  | Identified the +3 broad axe of the Wilderness {antimagic,
                  | Str+3}
 35300 | Snake:1  | Found a bloodstained altar of Trog.
 35301 | Snake:1  | Noticed PIKKUHERKKO's ghost (journeyman HOMo)
 35310 | Snake:1  | Identified the cursed +1 short sword "Qauq Erch" {flame,
                  | *Corrode Dex+7}
 35937 | Snake:1  | HP: 4/115 [salamander/+0 halberd (10)]
 36184 | Snake:1  | Killed PIKKUHERKKO's ghost
 36591 | Snake:2  | Reached skill level 1 in Earth Magic
 36923 | Snake:2  | Offered knowledge of Ozocubu's Refrigeration by Vehumet.
 37038 | Snake:1  | Learned a level 6 spell: Ozocubu's Refrigeration
 37261 | Snake:2  | Found an ancient bone altar of Kikubaaqudgha.
 37463 | Snake:2  | Reached skill level 12 in Ice Magic
 37658 | Snake:2  | Reached skill level 10 in Conjurations
 38173 | Snake:3  | Identified the +5 helmet of Purpose {MR+ Slay+2} (You found
                  | it on level 3 of the Snake Pit)
 38272 | Snake:3  | Reached XP level 17. HP: 60/125 MP: 16/34
 39056 | Snake:4  | Entered Level 4 of the Snake Pit
 39056 | Snake:4  | Noticed Vashnia
 39069 | Snake:4  | Found Bapurout's Armour Emporium.
 39080 | Snake:4  | Killed Vashnia
 39142 | Snake:4  | Found Gohine's Jewellery Shoppe.
 39144 | Snake:4  | Found Vysezxom's Antique Weapon Emporium.
 39446 | Snake:4  | Offered knowledge of Starburst by Vehumet.
 39711 | Snake:4  | Reached skill level 10 in Fighting
 39860 | Snake:4  | Noticed Aizul
 40133 | Snake:4  | Killed Aizul
 41103 | Snake:4  | Reached XP level 18. HP: 121/138 MP: 5/36
 41104 | Snake:4  | Reached skill level 13 in Ice Magic
 41384 | Snake:4  | Got a serpentine rune of Zot
 41787 | Swamp:1  | Entered Level 1 of the Swamp
 41846 | Swamp:1  | Offered knowledge of Lehudib's Crystal Spear by Vehumet.
 42818 | Snake:4  | Bought the amulet of Terra Nullius {RegenMP Str+4} for 953
                  | gold pieces
 43633 | Swamp:2  | HP: 6/141 [spriggan rider/+0 spear (19)]
 43936 | Swamp:2  | Got a ripped robe
 43946 | Swamp:2  | Identified the cursed +1 robe of Vexation {Int+4} (You
                  | found it on level 2 of the Swamp)
 44886 | Swamp:3  | Found a runed translucent door.
 45185 | Swamp:3  | Reached skill level 15 in Spellcasting
 45267 | Swamp:3  | Identified the ring of Xink {*Slow rPois rC+ rN++ SInv}
                  | (You found it on level 3 of the Swamp)
 45857 | Swamp:3  | Identified the Collected Works on Aerial Battle Magic
 45865 | Swamp:3  | Learned a level 5 spell: Irradiate
 46439 | Swamp:4  | Entered Level 4 of the Swamp
 47111 | Swamp:4  | Reached skill level 5 in Earth Magic
 47686 | Swamp:4  | Reached XP level 19. HP: 113/151 MP: 38/38
 47729 | Swamp:4  | Noticed a tentacled monstrosity
 47738 | Swamp:4  | Killed a tentacled monstrosity
 47879 | Swamp:4  | Learned a level 3 spell: Vampiric Draining
 47946 | Swamp:4  | Reached skill level 1 in Necromancy
 48173 | Swamp:4  | Got a decaying rune of Zot
 48507 | Elf:1    | Entered Level 1 of the Elven Halls
 48555 | Elf:1    | Reached skill level 14 in Ice Magic
 48909 | Elf:1    | Identified the Incunabulum of Conjuration
 49069 | Elf:1    | You fall into a shaft and drop 1 floor!
 49070 | Elf:2    | Found a runed translucent gate.
 49070 | Elf:2    | Found a runed translucent gate.
 49070 | Elf:2    | Found a runed translucent gate.
 49134 | Elf:2    | HP: 5/153 [+1 vampiric battleaxe (10)]
 49184 | Elf:2    | Offered knowledge of Fire Storm by Vehumet.
 49184 | Elf:2    | Offered knowledge of Shatter by Vehumet.
 49184 | Elf:2    | Offered knowledge of Ignition by Vehumet.
 49720 | Elf:1    | Identified Roxanne's Guide on the Mountains
 49720 | Elf:1    | Noticed Roxanne
 49903 | Elf:1    | Reached skill level 15 in Fighting
 49978 | Elf:1    | Found a runed translucent gate.
 49979 | Elf:1    | Noticed Heguxy's ghost (journeyman FoEE)
 49980 | Elf:1    | Found a runed translucent gate.
 49980 | Elf:1    | Found an iron altar of Okawaru.
 49980 | Elf:1    | Found a runed translucent gate.
 50360 | Elf:1    | Killed Roxanne
 50641 | Elf:2    | Identified the cursed ring "Haosmiw" {rF+++ MP-9 Dex-4
                  | Slay-3 Stlth+} (You found it on level 2 of the Elven Halls)
 51127 | Elf:2    | Reached skill level 15 in Ice Magic
 51431 | Elf:2    | Reached XP level 20. HP: 117/162 MP: 34/40
 51846 | Elf:3    | Entered Level 3 of the Elven Halls
 52841 | Elf:3    | Found Uma Lod's Antique Weapon Emporium.
 52941 | Elf:3    | Reached skill level 10 in Shields
 53227 | Elf:3    | Cast into level 2 of the Abyss (a deep elf sorcerer)
 53533 | Abyss:2  | Noticed a hellephant
 53568 | Abyss:2  | Killed a hellephant
 53616 | Abyss:2  | Reached skill level 5 in Throwing
 53633 | Elf:3    | Escaped the Abyss
 54435 | Elf:2    | Reached skill level 16 in Ice Magic
 54671 | Elf:3    | Identified the cursed +0 quarterstaff "Unoeqeal" {holy,
                  | +Blink Str+2 Int+2}
 54909 | Elf:3    | Noticed a Brimstone Fiend
 54911 | Elf:3    | Cast into level 2 of the Abyss (a deep elf demonologist)
 55159 | Abyss:2  | Noticed a bone dragon
 55189 | Abyss:2  | Killed a bone dragon
 55189 | Abyss:2  | Reached skill level 15 in Long Blades
 55491 | Abyss:2  | Found a blossoming altar of Fedhas.
 55501 | Abyss:2  | Gained mutation: You are clumsy. (Dex -2) [a cacodemon]
 55590 | Elf:3    | Escaped the Abyss
 55607 | Elf:3    | HP: 8/166 [poisoned by a ghostly deep elf sorcerer]
 55612 | Elf:2    | HP: 6/166 [poisoned by a ghostly deep elf sorcerer]
 55617 | Elf:2    | HP: 7/166 [poisoned by a ghostly deep elf sorcerer]
 55941 | Elf:2    | Cast into level 3 of the Abyss (a deep elf sorcerer)
 55985 | Abyss:3  | Reached XP level 21. HP: 74/172 MP: 33/42
 56203 | Elf:2    | Escaped the Abyss
 56349 | Elf:3    | Cast into level 3 of the Abyss (a ghostly deep elf
                  | sorcerer)
 56350 | Abyss:3  | Found a corrupted altar of Lugonu.
 56422 | Abyss:3  | Found a corrupted altar of Lugonu.
 56434 | Abyss:3  | Found a corrupted altar of Lugonu.
 56477 | Abyss:3  | Reached skill level 17 in Ice Magic
 56481 | Abyss:3  | Noticed a bone dragon
 56495 | Abyss:3  | Found a corrupted altar of Lugonu.
 56518 | Abyss:4  | Found a corrupted altar of Lugonu.
 56642 | Abyss:4  | Noticed an ancient lich
 56806 | Abyss:4  | Reached skill level 10 in Dodging
 56827 | Elf:3    | Escaped the Abyss
 57048 | Elf:2    | Reached skill level 10 in Fire Magic
 57546 | Elf:3    | Identified Ileczosi's Collected Works on Twisted Curses
 57628 | Elf:3    | Identified the +2 buckler of Gestures {rElec} (You found it
                  | on level 3 of the Elven Halls)
 57631 | Elf:3    | Identified the amulet "Secemead" {Reflect Str+2 SH+5} (You
                  | found it on level 3 of the Elven Halls)
 57988 | Vaults:1 | Entered Level 1 of the Vaults
 58217 | Vaults:1 | Noticed Donald
 58240 | Vaults:1 | Killed Donald
 58327 | Vaults:1 | Found Lerim's Antique Weapon Boutique.
 58811 | D:5      | Bought a manual of Necromancy for 1545 gold pieces
 58951 | D:13     | Learned a level 2 spell: Swiftness
 58959 | D:13     | Learned a level 7 spell: Ring of Flames
 59394 | Vaults:1 | Reached skill level 18 in Ice Magic
 60302 | Vaults:2 | Reached XP level 22. HP: 166/180 MP: 21/43
 60478 | Vaults:2 | Found a staircase to the Crypt.
 60806 | Vaults:2 | Reached skill level 5 in Necromancy
 61834 | Vaults:3 | Gained mutation: Armour fits poorly on your strangely
                  | shaped body. [a shining eye]
 62174 | Vaults:3 | Lost mutation: Armour fits poorly on your strangely shaped
                  | body. [potion of mutation]
 62174 | Vaults:3 | Lost mutation: You are clumsy. (Dex -2) [potion of
                  | mutation]
 62174 | Vaults:3 | Gained mutation: Your spells are a little harder to cast,
                  | but a little more powerful. [potion of mutation]
 62174 | Vaults:3 | Gained mutation: You are partially covered in slimy green
                  | scales. (AC +2) [potion of mutation]
 63497 | Vaults:3 | Noticed a golden dragon
 63521 | Vaults:3 | Killed a golden dragon
 63534 | Vaults:3 | Reached skill level 19 in Ice Magic
 63948 | Vaults:4 | Reached XP level 23. HP: 186/186 MP: 38/45
 64095 | Vaults:4 | Reached skill level 10 in Charms
 65906 | Crypt:1  | Entered Level 1 of the Crypt
 66513 | Crypt:1  | Found an ancient bone altar of Kikubaaqudgha.
 68452 | Crypt:2  | Noticed a greater mummy
 68453 | Crypt:2  | Found the +2 robe of Vines {NoPotionHeal Regen+7}
 68461 | Crypt:2  | Killed a greater mummy
 68461 | Crypt:2  | Reached skill level 20 in Ice Magic
 68461 | Crypt:2  | Reached XP level 24. HP: 195/195 MP: 46/46
 68483 | Crypt:2  | Identified the +3 battleaxe of Parts Unknown {holy, rPois}
                  | (You found it on level 2 of the Crypt)
 68827 | D:10     | Bought a manual of Stealth for 1214 gold pieces
 69192 | Crypt:3  | Entered Level 3 of the Crypt
 70182 | Crypt:3  | Identified the +2 leather armour "Reumm" {rElec rPois MP+9}
                  | (You found it on level 3 of the Crypt)
 70616 | Crypt:3  | Found a staircase to the Tomb.
 70657 | Crypt:3  | Noticed an ancient lich
 70670 | Crypt:3  | Killed an ancient lich
 70851 | Crypt:3  | Reached skill level 10 in Necromancy
 71230 | Crypt:3  | Found an ancient bone altar of Kikubaaqudgha.
 71254 | Crypt:3  | Noticed an ancient lich
 71271 | Crypt:3  | Cast into level 5 of the Abyss (an ancient lich)
 71271 | Abyss:5  | Entered Level 5 of the Abyss
 71294 | Abyss:5  | Gained mutation: Your body sometimes deteriorates upon
                  | taking damage. [a neqoxec]
 71341 | Abyss:5  | Noticed an ancient lich
 71362 | Abyss:5  | Killed from afar by an ancient lich

Illustrated notes

Levels and vault maps discovered:
D:1:      dpeg_arrival_lava_altar, layout_basic
D:2:      layout_loops_cross, kennysheep_vampire_church, uniq_jessica
D:3:      layout_basic
D:4:      layout_loops_ring, lemuel_coloured_pillars_altar, first_ration,
          kennysheep_slug_shrine
D:5:      layout_loops_ring, serial_shops, shop
D:6:      layout_loops_ring, grunt_temple_overflow_open,
          nemelex_xobeh_ov_fountains_minmay, lemuel_zombie_altar_yredelemnul,
          serial_bayou_pond_b, uniq_pikel
D:7:      layout_rooms, nicolae_tso_carved_into_rock,
          minmay_temple_entry_mini_moons
D:8:      layout_loops_ring, basic_altar, uniq_prince_ribbit1
D:9:      layout_roguey [special_room_orc],
          nicolae_gozag_cash_rules_everything_around_me,
          nicolae_overflow_hidden_temple, lair_entry_dummy
D:10:     layout_rooms, zombieorc2_lemuel, serial_shops,
          nicolae_shop_statue_plus, grunt_ogre_cave
D:11:     layout_small_grid, uniq_psyche, uniq_josephine
D:12:     layout_roguey [special_room_orc]
D:13:     layout_cave_pods, ximxim_vaults_locker_room,
          portal_ice_cave_entry_imps, chequers_serial_rivers_micro_c,
          uniq_jorgrun, uniq_kirke
D:14:     layout_grid_maze, hex_tiny, kennysheep_four_rooms
D:15:     grunt_enter_depths_magical_seal, layout_basic,
          chequers_serial_rivers_micro_a, uniq_rupert
Temple:   zaba_magenta_temple
Lair:1:   beast_lair_carwin_large_1, layout_chaotic_city, serial_forest,
          infiniplex_forest_end_1, infiniplex_forest_straight_4,
          infiniplex_forest_lined_room_3, infiniplex_forest_clump_C,
          infiniplex_forest_lined_3, infiniplex_forest_straight_2,
          infiniplex_forest_clump_medium, infiniplex_forest_diagonal,
          lemuel_fruit_fields
Lair:2:   layout_regular_city, kennysheep_snail_temple, serial_bayou_shore_b
Lair:3:   layout_misc_corridors, minmay_swamp_entry_worms,
          minmay_snake_entry_six_corridors
Lair:4:   layout_layer_cave
Lair:5:   layout_gridlike, slime_dummy, chequers_serial_rivers_marsh
Lair:6:   hangedman_lair_tendril_chambers, layout_regular_city,
          guppyfry_lair_end_dragon, gauntlet_entry_generic
Swamp:1:  layout_basic_swamp, infiniplex_staircase_pool_2
Swamp:2:  layout_basic_swamp, hangedman_swamp_cone
Swamp:3:  gammafunk_mikee_crab_dinner, layout_basic_swamp, serial_swamp_ruin,
          evilmike_swamp_ruin_rubble_1, evilmike_swamp_ruin_rubble_2,
          evilmike_swamp_ruin_house_3, st_swamp_ruins_1
Swamp:4:  swamp_vile, layout_basic_swamp
Snake:1:  layout_grid_shapes, gammafunk_ghost_wrathful_warriors
Snake:2:  layout_concentric_octagons, basic_altar
Snake:3:  layout_rooms
Snake:4:  snake_pit, layout_grid_shapes, lemuel_fruit_tree, minmay_shop_star,
          uniq_vashnia, uniq_aizul
Orc:1:    layout_diamond_mine, serial_shops, shop, shop, shop,
          nicolae_shop_behind_doors, shop, ebering_ghost_inner_flame,
          elf_legates
Orc:2:    grunt_orc_cross, layout_caves, lightli_volcano_entry_magma_tube,
          lemuel_statue_altar
Elf:1:    eino_elf_arrival_customs, layout_gridlike,
          gammafunk_ghost_fury_of_okawaru, minmay_elf_annihilation, uniq_roxanne
Elf:2:    layout_onion_city
Elf:3:    minmay_elf_hall_four_x, layout_onion_city, serial_shops,
          nicolae_shop_trees, st_stairs_12,
          nicolae_elf_glass_and_crystal_pillar_1
Vaults:1: ontoclasm_vaults_spin, v_misc_19, v_misc_8,
          nicolae_vaults_disjoint_gnomons, hangedman_vaults_stagger, v_misc_19,
          v_misc_13, nicolae_vaults_murderbox, vaults_dpeg_cross,
          vaults_room_fours, layout_vaults_maze_snakey, serial_shops,
          nicolae_shop_trees, uniq_donald
Vaults:2: v_misc_33, nicolae_vaults_specimen_jars, ontoclasm_vaults_ligature,
          v_misc_2, nicolae_vaults_theta, ontoclasm_vaults_idyll,
          nicolae_vaults_rhombus_5, grunt_vaults_hallway_short,
          layout_vaults_omnigrid
Vaults:3: st_greater_box_2, hangedman_vaults_impose, grunt_vaults_hallway_short,
          hangedman_vaults_hat, vaults_room_hallway, nicolae_vaults_theta,
          vaults_room_fours, hangedman_vaults_slice, vaults_room_door_hall,
          v_pattern_5, layout_vaults_chaotic_city
Vaults:4: ontoclasm_vaults_tryst, nicolae_vaults_puzzle_piece, vaults_mumra_lcd,
          v_misc_8, hangedman_vaults_maws, st_star, vaults_mumra_hex,
          nicolae_vaults_hallways_thing, nicolae_vaults_border_crossing,
          nicolae_vaults_alarming, vaults_mumra_hexcomb,
          nicolae_vaults_gold_heap, layout_vaults_omnicross
Crypt:1:  layout_misc_corridors, basic_altar
Crypt:2:  lemuel_minitomb, layout_basic, chequers_big_river,
          nrook_guardian_serpent_ordinary
Crypt:3:  quadcrypt_mu
Abyss:5:  base: Crypt:1, due_evilmike_abyss_rune_seething_liches

Skill      XL: |  1  2  3  4  5  6  7  8  9 10 11 12 13 14 15 16 17 18 19 20 21 22 23 24 |
---------------+-------------------------------------------------------------------------+-----
Spellcasting   | 3 4 5 6 8 9 10 12 13 14 15 16 17 18 19 | 19.4
Fighting       | 1 2 3 4 5 6 9 11 13 15 16 17 | 17.2
Air Magic      | 1 2 3 4 5 6 7 8 |  8.7
Poison Magic   | 4 5 6 7 |  7.9
Armour         | 1 2 3 4 6 7 8 |  8.7
Conjurations   | 1 2 3 5 6 7 8 9 10 11 12 | 12.4
Fire Magic     | 1 2 3 5 6 7 8 9 10 11 12 | 12.7
Long Blades    | 1 2 3 4 5 7 9 10 12 13 14 15 | 15.9
Ice Magic      | 1 2 3 4 5 6 9 10 11 12 13 15 16 18 19 20 | 20.4
Transmutations | 2 3 4 |  4.8
Axes           | 1 2 |  2.8
Polearms       | 1 2 |  2.3
Dodging        | 3 4 5 6 7 8 9 10 11 | 11.4
Charms         | 1 2 3 5 6 7 8 9 11 | 11.1
Short Blades   | 1 2 3 4 |  4.8
Throwing       | 1 2 3 4 5 |  5.9
Hexes          | 3 4 |  4.3
Shields        | 3 5 6 7 8 9 10 11 12 | 12.6
Translocations | 2 3 |  3.6
Evocations     | 2 |  2.8
Summonings     | 2 5 6 |  6.4
Earth Magic    | 2 4 5 |  5.3
Necromancy     | 3 4 7 9 10 | 10.2
Stealth        | 2 |  2.5

Action                   |  1- 3 |  4- 6 |  7- 9 | 10-12 | 13-15 | 16-18 | 19-21 | 22-24 || total
-------------------------+-------+-------+-------+-------+-------+-------+-------+-------++-------
Melee: Dagger            |    26 |    54 |       |    25 |       |       |       |       ||   105
       Spear             |       |    25 |   135 |       |       |       |       |       ||   160
       Scimitar          |       |    20 |    27 |       |   186 |   454 |   962 |   523 ||  2172
       Hand axe          |       |       |   132 |    12 |     3 |       |       |       ||   147
       Short sword       |       |       |    30 |   273 |    84 |       |       |       ||   387
       Long sword        |       |       |    17 |   426 |   515 |   500 |    70 |    33 ||  1561
       Falchion          |       |       |       |       |     3 |       |    24 |   543 ||   570
       Trident           |       |       |       |       |       |    26 |       |     6 ||    32
       Quick blade       |       |       |       |       |       |       |       |   179 ||   179
Throw: Boomerang         |       |       |     8 |   136 |   125 |   105 |    65 |    44 ||   483
       Dart              |       |       |       |    19 |     4 |       |    45 |    15 ||    83
       Javelin           |       |       |       |       |       |     1 |       |     3 ||     4
 Cast: Sting             |    10 |       |       |       |       |       |       |       ||    10
       Poisonous Vapours |    12 |    28 |    34 |    64 |    96 |     7 |    55 |    38 ||   334
       Mephitic Cloud    |       |     3 |     4 |    20 |    34 |     8 |    46 |     7 ||   122
       Frozen Ramparts   |       |       |    10 |    55 |    65 |    51 |    34 |    28 ||   243
       Ozocubu's Armour  |       |       |     4 |    45 |    92 |    82 |    70 |    77 ||   370
       Ignite Poison     |       |       |       |    10 |     6 |       |       |       ||    16
       Sticky Flame      |       |       |       |     9 |   127 |   148 |   243 |   189 ||   716
       Song of Slaying   |       |       |       |     3 |    15 |    31 |    32 |    28 ||   109
       Apportation       |       |       |       |       |     7 |       |       |     1 ||     8
       Summon Lightning  |       |       |       |       |    24 |    23 |    26 |    13 ||    86
       Lightning Bolt    |       |       |       |       |     4 |    13 |    17 |    15 ||    49
       Bolt of Magma     |       |       |       |       |     2 |    27 |     9 |    33 ||    71
       Ozocubu's Refrige |       |       |       |       |       |     7 |     1 |       ||     8
       Irradiate         |       |       |       |       |       |       |     7 |    12 ||    19
       Ring of Flames    |       |       |       |       |       |       |     1 |       ||     1
       Swiftness         |       |       |       |       |       |       |       |     1 ||     1
 Abil: Hop               |       |     3 |     4 |     6 |     9 |     3 |     7 |     4 ||    36
Evoke: Lightning rod     |       |       |       |       |     5 |       |       |       ||     5
       Wand              |       |       |       |       |     6 |       |     9 |     1 ||    16
       Tin of tremorston |       |       |       |       |     1 |       |       |     1 ||     2
  Use: Scroll            |     2 |     3 |     2 |    19 |    33 |    10 |    12 |     7 ||    88
       Potion            |       |       |     1 |     1 |    13 |    21 |    11 |     4 ||    51
 Stab: Sleeping          |       |     1 |     1 |     3 |    10 |     2 |     3 |     5 ||    25
       Distracted        |       |       |     1 |     1 |     3 |     3 |     1 |     9 ||    18
       Confused          |       |       |     1 |       |    13 |     5 |    17 |       ||    36
       Invisible         |       |       |       |       |     5 |       |     5 |       ||    10
  Eat: Chunk             |       |     9 |    15 |    28 |    32 |    19 |    22 |    22 ||   147
       Ration            |       |     1 |     1 |     4 |    10 |     9 |     6 |     6 ||    37
Armor: Robe              |     8 |       |       |       |    14 |       |       |       ||    22
       Leather armour    |       |    19 |   135 |   210 |       |       |       |       ||   364
       Skin              |       |       |    15 |       |     1 |     3 |       |     4 ||    23
       Troll leather arm |       |       |       |    88 |   283 |   334 |   338 |   324 ||  1367
Dodge: Dodged            |    29 |    74 |   213 |   640 |   823 |   898 |   950 |   931 ||  4558
Block: Buckler           |       |       |       |       |   359 |   737 |   940 |   757 ||  2793
       Reflection        |       |       |       |       |       |    85 |    69 |    43 ||   197
       Rpst.: Scimitar   |       |     9 |    13 |       |    54 |    83 |   163 |    97 ||   419
       Long sword        |       |       |     5 |   109 |   140 |    71 |    20 |     4 ||   349
       Falchion          |       |       |       |       |       |       |     1 |   100 ||   101

Table legend:
 A = Non-vault XP
 B = Vault XP
 C = Vault XP percentage of total XP
 D = Non-vault monster count
 E = Vault monster count
 F = Vault count percentage of total count
                 A         B        C        D         E       F
            +---------+---------+-------+---------+---------+-------
      Total |  464007 |  421548 |  47.6 |    1241 |     787 |  38.8
            +---------+---------+-------+---------+---------+-------
        D:1 |      25 |       0 |   0.0 |      15 |       0 |   0.0
        D:2 |      38 |     156 |  80.4 |      15 |       9 |  37.5
        D:3 |     176 |       0 |   0.0 |      12 |       0 |   0.0
        D:4 |     457 |       4 |   0.9 |      20 |       1 |   4.8
        D:5 |     789 |       0 |   0.0 |      28 |       0 |   0.0
        D:6 |    1626 |     865 |  34.7 |      32 |       5 |  13.5
        D:7 |     916 |       0 |   0.0 |      24 |       0 |   0.0
        D:8 |    2994 |     277 |   8.5 |      29 |       1 |   3.3
        D:9 |    1796 |     368 |  17.0 |      41 |      26 |  38.8
       D:10 |    3363 |    1250 |  27.1 |      32 |      37 |  53.6
       D:11 |    3319 |    2263 |  40.5 |      23 |       6 |  20.7
       D:12 |    2730 |     858 |  23.9 |      16 |      25 |  61.0
       D:13 |    3997 |    9531 |  70.5 |      16 |      28 |  63.6
       D:14 |    3432 |    1974 |  36.5 |      14 |       5 |  26.3
       D:15 |    4659 |    6558 |  58.5 |      22 |      11 |  33.3
     Lair:1 |    2230 |    1796 |  44.6 |      10 |       9 |  47.4
     Lair:2 |    1813 |     852 |  32.0 |       6 |       2 |  25.0
     Lair:3 |    4703 |    2457 |  34.3 |      16 |      14 |  46.7
     Lair:4 |    5939 |       0 |   0.0 |      19 |       0 |   0.0
     Lair:5 |    3475 |       0 |   0.0 |      13 |       0 |   0.0
     Lair:6 |    8266 |   13629 |  62.2 |      36 |      50 |  58.1
    Swamp:1 |   10700 |       0 |   0.0 |      29 |       0 |   0.0
    Swamp:2 |   11274 |    3847 |  25.4 |      36 |       4 |  10.0
    Swamp:3 |   11765 |    9887 |  45.7 |      29 |      15 |  34.1
    Swamp:4 |   15819 |   17993 |  53.2 |      40 |      30 |  42.9
    Snake:1 |   14024 |    7028 |  33.4 |      27 |      11 |  28.9
    Snake:2 |   22407 |       0 |   0.0 |      47 |       0 |   0.0
    Snake:3 |   12142 |       0 |   0.0 |      25 |       0 |   0.0
    Snake:4 |   23483 |   38653 |  62.2 |      39 |      48 |  55.2
      Orc:1 |    2260 |    8836 |  79.6 |      27 |      25 |  48.1
      Orc:2 |     757 |    8236 |  91.6 |      14 |      25 |  64.1
      Elf:1 |   17516 |    8469 |  32.6 |      28 |      13 |  31.7
      Elf:2 |   19466 |   34696 |  64.1 |      31 |      36 |  53.7
      Elf:3 |    8883 |   41998 |  82.5 |      17 |      30 |  63.8
   Vaults:1 |   34506 |   18397 |  34.8 |      64 |      21 |  24.7
   Vaults:2 |   17777 |    6066 |  25.4 |      35 |       6 |  14.6
   Vaults:3 |   30263 |   65330 |  68.3 |      46 |      64 |  58.2
   Vaults:4 |   38931 |   33707 |  46.4 |      62 |      41 |  39.8
    Crypt:1 |   25013 |       0 |   0.0 |      35 |       0 |   0.0
    Crypt:2 |   16149 |   14709 |  47.7 |      29 |      27 |  48.2
    Crypt:3 |       0 |   44251 | 100.0 |       0 |      74 | 100.0
    Abyss:2 |   40171 |       0 |   0.0 |      73 |       0 |   0.0
    Abyss:3 |   17999 |       0 |   0.0 |      39 |       0 |   0.0
    Abyss:4 |   12557 |       0 |   0.0 |      19 |       0 |   0.0
    Abyss:5 |    3402 |    2790 |  45.1 |      11 |       6 |  35.3
      IceCv |       0 |    6416 | 100.0 |       0 |      54 | 100.0
    Volcano |       0 |    4717 | 100.0 |       0 |      15 | 100.0
   Gauntlet |       0 |    2684 | 100.0 |       0 |      13 | 100.0
            +---------+---------+-------+---------+---------+-------
